NYP
LOWELL SPINNERS @ VERMONT LAKE MONSTERS
06/07/2047
 
TOP OF THE 1ST
Lowell Spinners batting - Pitching for Vermont Lake Monsters : RHP John Zike
Pitching: RHP John Zike
Batting: LHB John Buff 0-0: Swinging Strike
0-1: Ball
1-1: Ground out 4-3 (Groundball, 4, EV 82.5 MPH)
Batting: RHB Ted Emmerich 0-0: Ball
1-0: Ball
2-0: Ground out 1-3 (Groundball, 13S, EV 73.1 MPH)
Batting: RHB Dave Burwell 0-0: Foul Ball, location: 2F
0-1: Foul Ball, location: 2F
0-2: Ball
1-2: Foul Ball, location: 2F
1-2: Strikes out swinging
Top of the 1st over - 0 runs, 0 hits, 0 errors, 0 left on base; Lowell 0 - Vermont 0
BOTTOM OF THE 1ST
Vermont Lake Monsters batting - Pitching for Lowell Spinners : RHP Teruhiko Ushijima
Pitching: RHP Teruhiko Ushijima
Batting: RHB Franklin Salazar 0-0: Ball
1-0: Ball
2-0: Called Strike
2-1: SINGLE (Line Drive, 4MD, EV 96.9 MPH)
Batting: RHB Micah Roth 0-0: Called Strike
Franklin Salazar steals 2nd base
0-1: Ground out 5-3 (Groundball, 56, EV 78.1 MPH)
Batting: RHB David Herrera 0-0: Foul Ball, location: 2F
0-1: Ball
1-1: Swinging Strike
Passed Ball!
Franklin Salazar to third
1-2: Strikes out swinging
Batting: LHB Ed Talamantes 0-0: Called Strike
0-1: Ball
1-1: Foul Ball, location: 2F
1-2: Strikes out swinging
Bottom of the 1st over - 0 runs, 1 hit, 0 errors, 1 left on base; Lowell 0 - Vermont 0
TOP OF THE 2ND
Lowell Spinners batting - Pitching for Vermont Lake Monsters : RHP John Zike
Batting: RHB Alex Cardenas 0-0: Ball
1-0: Ball
2-0: Fly out, F4 (Flyball, 34D, EV 91.2 MPH)
Batting: RHB Bobby Schimke 0-0: Ground out 6-3 (Groundball, 6, EV 87.5 MPH)
Batting: RHB Tony Nunez 0-0: Ball
1-0: Called Strike
1-1: Ball
2-1: Ball
3-1: Base on Balls
Batting: SHB Salvador Padilla 0-0: Called Strike
0-1: Ball
Tony Nunez steals 2nd base
1-1: SINGLE (Line Drive, 6D, EV 96.9 MPH)
Tony Nunez to third
Runner from 3rd tries for Home, SAFE, throw by LF to home
Batting: RHB Scott Hawkins 0-0: Called Strike
0-1: Fly out, F9 (Flyball, 89M, EV 82.5 MPH)
Top of the 2nd over - 1 run, 1 hit, 0 errors, 1 left on base; Lowell 1 - Vermont 0
BOTTOM OF THE 2ND
Vermont Lake Monsters batting - Pitching for Lowell Spinners : RHP Teruhiko Ushijima
Batting: LHB Felipe Gomez 0-0: Ground out U3 (Groundball, 3S, EV 84.4 MPH)
Batting: RHB Min-chin Yi 0-0: Ball
1-0: Ball
2-0: Called Strike
2-1: Called Strike
2-2: Strikes out swinging
Batting: RHB Gojko Golob 0-0: Foul Ball, location: 2F
0-1: Fly out, F4 (Popup, 4S, EV 77.5 MPH)
Bottom of the 2nd over - 0 runs, 0 hits, 0 errors, 0 left on base; Lowell 1 - Vermont 0
TOP OF THE 3RD
Lowell Spinners batting - Pitching for Vermont Lake Monsters : RHP John Zike
Batting: RHB Mike Strey 0-0: Ball
1-0: Foul Ball, location: 2F
1-1: DOUBLE (Flyball, 8LXD, EV 95.6 MPH)
Batting: LHB John Buff 0-0: Called Strike
0-1: Hit by Pitch
Batting: RHB Ted Emmerich 0-0: Ball
1-0: Called Strike
1-1: Foul Ball, location: 2F
1-2: Ball
2-2: Fly out, F8 (Flyball, 8LD, EV 91.2 MPH)
Batting: RHB Dave Burwell 0-0: DOUBLE (Line Drive, 7LS, EV 93.1 MPH)
Mike Strey scores
John Buff to third
Runner from 3rd tries for Home, SAFE, throw by LF to home
Batting: RHB Alex Cardenas 0-0: Called Strike
0-1: Ball
1-1: 2-RUN HOME RUN (Flyball, 78XD, EV 104.4 MPH), Distance : 429 ft
Batting: RHB Bobby Schimke 0-0: Ball
1-0: Ball
2-0: Ball
3-0: Called Strike
3-1: Ground out 2-3 (Groundball, 13S, EV 67.5 MPH)
Batting: RHB Tony Nunez 0-0: Ball
1-0: Called Strike
1-1: Ball
2-1: Foul Ball, location: 2F
2-2: Strikes out swinging
Top of the 3rd over - 4 runs, 3 hits, 0 errors, 0 left on base; Lowell 5 - Vermont 0
BOTTOM OF THE 3RD
Vermont Lake Monsters batting - Pitching for Lowell Spinners : RHP Teruhiko Ushijima
Batting: RHB Tim Anderson 0-0: Swinging Strike
0-1: Ball
1-1: Foul Ball, location: 2F
1-2: Ball
2-2: Ball
3-2: Base on Balls
Batting: RHB Ricky Trejo 0-0: Called Strike
0-1: Fielders Choice at 2nd, 6-4 (Groundball, 6, EV 83.1 MPH)
Batting: RHB Franklin Salazar 0-0: Swinging Strike
0-1: Foul Ball, location: 2F
0-2: Ball
1-2: Foul Ball, location: 2F
1-2: Foul Ball, location: 2F
1-2: Fielders Choice at 2nd, 5-4 (Groundball, 5, EV 86.9 MPH)
Batting: RHB Micah Roth 0-0: Foul Ball, location: 2F
0-1: Ball
1-1: Ball
2-1: Ball
Wild Pitch!
Franklin Salazar to second
3-1: Swinging Strike
3-2: Strikes out swinging
Bottom of the 3rd over - 0 runs, 0 hits, 0 errors, 1 left on base; Lowell 5 - Vermont 0
TOP OF THE 4TH
Lowell Spinners batting - Pitching for Vermont Lake Monsters : RHP John Zike
Batting: SHB Salvador Padilla 0-0: Ball
1-0: Swinging Strike
1-1: Swinging Strike
1-2: Strikes out swinging
Batting: RHB Scott Hawkins 0-0: Called Strike
0-1: Ground out 5-3 (Groundball, 56, EV 80.0 MPH)
Batting: RHB Mike Strey 0-0: Ball
1-0: Foul Ball, location: 2F
1-1: Ball
2-1: Foul Ball, location: 2F
2-2: Ground out 4-3 (Groundball, 4, EV 97.5 MPH)
Top of the 4th over - 0 runs, 0 hits, 0 errors, 0 left on base; Lowell 5 - Vermont 0
BOTTOM OF THE 4TH
Vermont Lake Monsters batting - Pitching for Lowell Spinners : RHP Teruhiko Ushijima
Batting: RHB David Herrera 0-0: Ball
1-0: Called Strike
1-1: Foul Ball, location: 2F
1-2: Ball
2-2: Foul Ball, location: 2F
2-2: Ball
3-2: Base on Balls
Batting: LHB Ed Talamantes 0-0: Ball
1-0: Fielders Choice at 2nd, 5-4 (Groundball, 56, EV 88.8 MPH)
Batting: LHB Felipe Gomez 0-0: Ball
1-0: Ball
2-0: Ball
3-0: Called Strike
3-1: Base on Balls
Ed Talamantes to second
Batting: RHB Min-chin Yi 0-0: Ball
Wild Pitch!
Ed Talamantes to third
Felipe Gomez to second
1-0: Foul Ball, location: 2F
1-1: Ball
2-1: Swinging Strike
2-2: Strikes out swinging
Batting: RHB Gojko Golob 0-0: Called Strike
0-1: Called Strike
0-2: Strikes out looking
Bottom of the 4th over - 0 runs, 0 hits, 0 errors, 2 left on base; Lowell 5 - Vermont 0
TOP OF THE 5TH
Lowell Spinners batting - Pitching for Vermont Lake Monsters : RHP John Zike
Pitching: LHP Sean Cerna
Batting: LHB John Buff 0-0: Called Strike
0-1: Ground out 4-3 (Groundball, 4, EV 103.8 MPH)
Batting: RHB Ted Emmerich 0-0: Called Strike
0-1: Called Strike
0-2: Ball
1-2: Ball
2-2: Ball
3-2: Strikes out looking
Batting: RHB Dave Burwell 0-0: Ball
1-0: Called Strike
1-1: Ball
2-1: Foul Ball, location: 2F
2-2: Strikes out looking
Top of the 5th over - 0 runs, 0 hits, 0 errors, 0 left on base; Lowell 5 - Vermont 0
BOTTOM OF THE 5TH
Vermont Lake Monsters batting - Pitching for Lowell Spinners : RHP Teruhiko Ushijima
Batting: RHB Tim Anderson 0-0: Foul Ball, location: 2F
0-1: Ball
1-1: Called Strike
1-2: Foul Ball, location: 2F
1-2: Strikes out swinging
Batting: RHB Ricky Trejo 0-0: Ball
1-0: Swinging Strike
1-1: Ground out 6-3 (Groundball, 6MS, EV 72.5 MPH)
Batting: RHB Franklin Salazar 0-0: Ball
1-0: Fly out, F9 (Flyball, 9LS, EV 77.5 MPH)
Bottom of the 5th over - 0 runs, 0 hits, 0 errors, 0 left on base; Lowell 5 - Vermont 0
TOP OF THE 6TH
Lowell Spinners batting - Pitching for Vermont Lake Monsters : LHP Sean Cerna
Batting: RHB Alex Cardenas 0-0: Called Strike
0-1: Ball
1-1: Ball
2-1: Ball
3-1: Base on Balls
Batting: RHB Bobby Schimke 0-0: Ball
1-0: Ground out 5-3 (Groundball, 56S, EV 69.4 MPH)
Alex Cardenas to second
Batting: RHB Tony Nunez 0-0: Swinging Strike
0-1: Foul Ball, location: 2F
0-2: Ball
1-2: Foul Ball, location: 2F
1-2: Ball
2-2: Ground out 3-1 (Groundball, 34, EV 85.6 MPH)
Alex Cardenas to third
Batting: SHB Salvador Padilla 0-0: Ball
1-0: Swinging Strike
1-1: Ground out U3 (Groundball, 34, EV 81.2 MPH)
Top of the 6th over - 0 runs, 0 hits, 0 errors, 1 left on base; Lowell 5 - Vermont 0
BOTTOM OF THE 6TH
Vermont Lake Monsters batting - Pitching for Lowell Spinners : RHP Teruhiko Ushijima
Batting: RHB Micah Roth 0-0: Ball
1-0: Ball
2-0: Ball
3-0: Called Strike
3-1: Base on Balls
Batting: RHB David Herrera 0-0: Ball
1-0: Ball
2-0: Called Strike
2-1: Ball
3-1: Base on Balls
Micah Roth to second
Pitching: LHP Chris Deans
Batting: LHB Ed Talamantes 0-0: Foul Ball, location: 2F
0-1: Called Strike
0-2: Hit by Pitch
Micah Roth to third
David Herrera to second
Pinch Hitting: RHB Chris Temple 0-0: Called Strike
0-1: Fly out, F7 (Line Drive, 7S, EV 92.5 MPH)
Batting: RHB Min-chin Yi 0-0: Foul Ball, location: 2F
0-1: Ball
1-1: Ball
2-1: Grounds into double play, 4-6-3 (Groundball, 4, EV 103.1 MPH)
Bottom of the 6th over - 0 runs, 0 hits, 0 errors, 2 left on base; Lowell 5 - Vermont 0
TOP OF THE 7TH
Lowell Spinners batting - Pitching for Vermont Lake Monsters : LHP Sean Cerna
Now in LF: Min-chin Yi
Now in CF: Micah Roth
Now in RF: Fred Arends
Batting: RHB Scott Hawkins 0-0: Ball
1-0: Foul Ball, location: 2F
1-1: SINGLE (Groundball, 34D, EV 101.9 MPH)
Batting: RHB Mike Strey 0-0: Ball
1-0: Ball
2-0: Ball
3-0: Base on Balls
Scott Hawkins to second
Batting: LHB John Buff 0-0: Bunt missed!
0-1: Bunted foul
0-2: Ball
1-2: DOUBLE (Groundball, 3L, EV 106.9 MPH)
Scott Hawkins scores
Mike Strey to third
Batting: RHB Ted Emmerich 0-0: Foul Ball, location: 2F
0-1: Foul Ball, location: 2F
0-2: Ball
1-2: Ball
2-2: Ball
3-2: Strikes out swinging
Pitching: RHP Bryan Vandenburgh
Batting: RHB Dave Burwell 0-0: Ball
1-0: Ball
2-0: Ground out 5-3 (Groundball, 5S, EV 84.4 MPH)
Batting: RHB Alex Cardenas 0-0: Swinging Strike
0-1: Foul Ball, location: 2F
0-2: Ground out 6-3 (Groundball, 6, EV 108.8 MPH)
Top of the 7th over - 1 run, 2 hits, 0 errors, 2 left on base; Lowell 6 - Vermont 0
BOTTOM OF THE 7TH
Vermont Lake Monsters batting - Pitching for Lowell Spinners : LHP Chris Deans
Batting: RHB Gojko Golob 0-0: SINGLE (Groundball, 6MS, EV 82.5 MPH) (infield hit)
Batting: RHB Tim Anderson 0-0: Foul Ball, location: 2F
0-1: Ball
1-1: Ball
2-1: Fly out, F3 (Line Drive, 3L, EV 60.6 MPH)
Lined into DP, U3 (Line Drive, 3L, EV 63.8 MPH)
Batting: RHB Ricky Trejo 0-0: Swinging Strike
0-1: Ball
1-1: Swinging Strike
1-2: Ball
2-2: Ball
3-2: Base on Balls
Batting: RHB Franklin Salazar 0-0: Ball
1-0: Ground out U3 (Groundball, 23, EV 79.4 MPH)
Bottom of the 7th over - 0 runs, 1 hit, 0 errors, 1 left on base; Lowell 6 - Vermont 0
TOP OF THE 8TH
Lowell Spinners batting - Pitching for Vermont Lake Monsters : RHP Bryan Vandenburgh
Batting: RHB Bobby Schimke 0-0: Ball
1-0: Ball
2-0: Swinging Strike
2-1: Foul Ball, location: 2F
2-2: Strikes out swinging
Batting: RHB Tony Nunez 0-0: Foul Ball, location: 2F
0-1: Foul Ball, location: 2F
0-2: Strikes out looking
Batting: SHB Salvador Padilla 0-0: Ball
1-0: Swinging Strike
1-1: Called Strike
1-2: Strikes out swinging
Top of the 8th over - 0 runs, 0 hits, 0 errors, 0 left on base; Lowell 6 - Vermont 0
BOTTOM OF THE 8TH
Vermont Lake Monsters batting - Pitching for Lowell Spinners : LHP Chris Deans
Batting: RHB Micah Roth 0-0: Called Strike
0-1: Ground out 3-1 (Groundball, 34S, EV 83.8 MPH)
Batting: RHB David Herrera 0-0: Ball
1-0: Foul Ball, location: 2F
1-1: Ground out 5-3 (Groundball, 56S, EV 69.4 MPH)
Batting: LHB Ed Talamantes 0-0: Fly out, F9 (Line Drive, 9D, EV 89.4 MPH)
Bottom of the 8th over - 0 runs, 0 hits, 0 errors, 0 left on base; Lowell 6 - Vermont 0
TOP OF THE 9TH
Lowell Spinners batting - Pitching for Vermont Lake Monsters : RHP Bryan Vandenburgh
Pitching: RHP Jeff Heaster
Batting: RHB Scott Hawkins 0-0: Ball
1-0: Called Strike
1-1: Ball
2-1: Ground out 6-3 (Groundball, 6, EV 85.6 MPH)
Batting: RHB Mike Strey 0-0: Ball
1-0: Ground out 6-3 (Groundball, 6, EV 85.0 MPH)
Batting: LHB John Buff 0-0: Foul Ball, location: 2F
0-1: Ball
1-1: TRIPLE (Line Drive, 9LD, EV 103.1 MPH)
Batting: RHB Ted Emmerich 0-0: Ball
1-0: Foul Ball, location: 2F
1-1: Swinging Strike
1-2: Foul Ball, location: 2F
1-2: Strikes out swinging
Top of the 9th over - 0 runs, 1 hit, 0 errors, 1 left on base; Lowell 6 - Vermont 0
BOTTOM OF THE 9TH
Vermont Lake Monsters batting - Pitching for Lowell Spinners : LHP Chris Deans
Batting: LHB Fred Arends 0-0: Called Strike
0-1: Ball
1-1: DOUBLE (Line Drive, 9LS, EV 100.6 MPH)
Pitching: RHP Ross Ratcliffe
Batting: RHB Min-chin Yi 0-0: Foul Ball, location: 2F
0-1: Fly out, F7 (Flyball, 7, EV 84.4 MPH)
Pinch Hitting: LHB Alejandro Muniz 0-0: Ground out 6-3 (Groundball, 6, EV 85.6 MPH)
Fred Arends to third
Batting: RHB Tim Anderson 0-0: Called Strike
0-1: Called Strike
0-2: Ball
1-2: Ball
2-2: Strikes out swinging
Bottom of the 9th over - 0 runs, 1 hit, 0 errors, 1 left on base; Lowell 6 - Vermont 0
Thursday, December 15th , 2022 - OOTP Baseball 23.9 Build 102